[ AOE2 MATCH · #463225033 ]
Team RMSpanish vs Bohemians
[ REPLAY ANALYSIS · EXTRACTED FROM THE RECORDED GAME ]
Feudal
8:03
Castle
11:58
Imperial
—
| APM avg | 45.6 |
| APM peak | 93 |
| eAPM avg | 16.3 |
| Villagers / military | 43 / 28 |
Focus
⚔️ 21.5% · 🌾 78.5%
Conquistador ×22 · Monk ×2 · Petard ×2 · Missionary ×2
Feudal
8:52
Castle
12:47
Imperial
—
| APM avg | 26.2 |
| APM peak | 50 |
| eAPM avg | 11.7 |
| Villagers / military | 44 / 11 |
Focus
⚔️ 17.4% · 🌾 82.6%
Hussite Wagon ×6 · Mangonel ×3 · Petard ×2
Feudal
6:46
Castle
10:19
Imperial
—
| APM avg | 44.2 |
| APM peak | 71 |
| eAPM avg | 34.4 |
| Villagers / military | 122 / 0 |
Focus
⚔️ 23.0% · 🌾 77.0%
Feudal
8:15
Castle
11:58
Imperial
—
| APM avg | 23.3 |
| APM peak | 42 |
| eAPM avg | 12.2 |
| Villagers / military | 74 / 2 |
Focus
⚔️ 7.1% · 🌾 92.9%
Longbowman ×2
Feudal
—
Castle
—
Imperial
—
| APM avg | 16.6 |
| APM peak | 38 |
| eAPM avg | 10.3 |
| Villagers / military | 57 / 18 |
Focus
⚔️ 10.7% · 🌾 89.3%
Cavalry Archer ×18
Feudal
8:01
Castle
11:56
Imperial
—
| APM avg | 33.8 |
| APM peak | 74 |
| eAPM avg | 29.8 |
| Villagers / military | 91 / 0 |
Focus
⚔️ 2.7% · 🌾 97.3%
Feudal
8:51
Castle
12:57
Imperial
—
| APM avg | 36.3 |
| APM peak | 80 |
| eAPM avg | 21.4 |
| Villagers / military | 66 / 23 |
Focus
⚔️ 21.8% · 🌾 78.2%
Battering Ram ×15 · Mangonel ×3 · Woad Raider ×3 · Petard ×2
Feudal
7:18
Castle
11:13
Imperial
—
| APM avg | 41.4 |
| APM peak | 67 |
| eAPM avg | 14.7 |
| Villagers / military | 97 / 1 |
Focus
⚔️ 13.2% · 🌾 86.8%
Monk ×1
Match map
Initial resources + every placement click. Lines = walls · curves = elevation contours. ◆ gold · ⬟ stone · ● berries · ✦ relic · ◌ wall gap
Inputs per minute
— Mceffe - - my60703
Build order — Mceffe
114 actions detected in the replay
| 0:03 | Create | Villager (Male) |
| 0:03 | Create | Villager (Male) |
| 0:03 | Create | Villager (Male) |
| 0:03 | Create | Villager (Male) |
| 0:08 | Build | Lumber Camp |
| 0:32 | Build | Mill |
| 1:12 | Create | Villager (Male) |
| 1:47 | Create | Villager (Male) |
| 1:47 | Create | Villager (Male) |
| 2:05 | Create | Villager (Male) |
| 2:05 | Create | Villager (Male) |
| 2:52 | Create | Villager (Male) |
| 3:07 | Create | Villager (Male) |
| 3:26 | Build | Farm |
| 3:32 | Build | Farm |
| 3:33 | Create | Villager (Male) |
| 4:05 | Create | Villager (Male) |
| 4:20 | Create | Villager (Male) |
| 4:22 | Create | Villager (Male) |
| 4:41 | Build | Farm |
| 5:05 | Build | Farm |
| 5:08 | Build | Farm |
| 5:20 | Build | Lumber Camp |
| 5:43 | Research | Feudal Age |
| 6:09 | Build | Mining Camp |
| 6:17 | Create | Villager (Male) |
| 6:18 | Create | Villager (Male) |
| 7:04 | Research | Loom |
| 8:03 | Age | Feudal Age |
| 8:04 | Build | Market |
| 8:06 | Build | Blacksmith |
| 9:02 | Research | Castle Age |
| 9:19 | Research | Double-Bit Axe |
| 9:46 | Research | Horse Collar |
| 10:01 | Research | Padded Archer Armor |
| 11:26 | Create | Villager (Male) |
| 11:26 | Create | Villager (Male) |
| 11:39 | Build | Farm |
| 11:58 | Age | Castle Age |
| 11:59 | Create | Conquistador |
| 12:00 | Create | Conquistador |
| 12:40 | Create | Conquistador |
| 12:41 | Create | Villager (Male) |
| 12:42 | Research | Leather Archer Armor |
| 12:45 | Research | Bow Saw |
| 13:13 | Create | Villager (Male) |
| 13:16 | Build | Farm |
| 13:18 | Create | Conquistador |
| 13:19 | Create | Conquistador |
| 13:40 | Create | Conquistador |
| 13:47 | Build | Farm |
| 13:50 | Create | Villager (Male) |
| 13:50 | Create | Villager (Male) |
| 13:50 | Create | Villager (Male) |
| 13:53 | Create | Conquistador |
| 13:56 | Create | Villager (Male) |
| 13:56 | Create | Villager (Male) |
| 13:56 | Create | Villager (Male) |
| 14:08 | Create | Villager (Male) |
| 14:10 | Create | Conquistador |
| 14:27 | Build | Farm |
| 14:33 | Create | Conquistador |
| 14:39 | Create | Petard |
| 14:40 | Create | Petard |
| 14:49 | Build | Farm |
| 15:27 | Create | Villager (Male) |
| 15:27 | Create | Villager (Male) |
| 15:36 | Build | Farm |
| 15:39 | Create | Conquistador |
| 15:43 | Build | House |
| 15:43 | Build | House |
| 15:44 | Build | House |
| 15:44 | Build | House |
| 15:44 | Build | House |
| 15:44 | Build | House |
| 15:44 | Build | House |
| 16:03 | Build | House |
| 16:04 | Build | House |
| 16:20 | Create | Conquistador |
| 16:22 | Create | Conquistador |
| 17:57 | Create | Conquistador |
| 17:58 | Create | Conquistador |
| 17:58 | Create | Conquistador |
| 18:14 | Create | Conquistador |
| 18:14 | Create | Conquistador |
| 18:14 | Create | Villager (Male) |
| 18:15 | Create | Villager (Male) |
| 18:15 | Create | Villager (Male) |
| 18:15 | Create | Villager (Male) |
| 18:15 | Create | Villager (Male) |
| 18:28 | Create | Conquistador |
| 18:34 | Build | Farm |
| 18:35 | Build | Farm |
| 18:39 | Build | Town Center |
| 19:09 | Create | Conquistador |
| 19:10 | Create | Villager (Male) |
| 19:10 | Create | Villager (Male) |
| 19:30 | Create | Conquistador |
| 19:30 | Create | Villager (Male) |
| 19:30 | Create | Villager (Male) |
| 19:35 | Build | Monastery |
| 19:37 | Build | Farm |
| 19:42 | Build | Farm |
| 20:15 | Create | Conquistador |
| 20:17 | Create | Villager (Male) |
| 20:20 | Build | Farm |
| 20:22 | Create | Monk |
| 20:22 | Create | Monk |
| 20:26 | Create | Missionary |
| 20:27 | Create | Missionary |
| 21:03 | Create | Villager (Male) |
| 21:03 | Create | Villager (Male) |
| 21:03 | Create | Villager (Male) |
| 21:14 | Create | Conquistador |
Build order — my60703
98 actions detected in the replay
| 0:02 | Create | Villager (Male) |
| 0:02 | Create | Villager (Male) |
| 0:02 | Create | Villager (Male) |
| 0:19 | Create | Villager (Male) |
| 0:19 | Create | Villager (Male) |
| 0:41 | Build | Lumber Camp |
| 0:53 | Create | Villager (Male) |
| 0:54 | Create | Villager (Male) |
| 0:59 | Build | Mill |
| 1:40 | Create | Villager (Male) |
| 1:40 | Create | Villager (Male) |
| 1:56 | Create | Villager (Male) |
| 1:57 | Create | Villager (Male) |
| 2:33 | Create | Villager (Male) |
| 2:33 | Create | Villager (Male) |
| 3:05 | Create | Villager (Male) |
| 3:06 | Create | Villager (Male) |
| 3:06 | Create | Villager (Male) |
| 3:06 | Create | Villager (Male) |
| 3:47 | Create | Villager (Male) |
| 3:48 | Create | Villager (Male) |
| 3:48 | Create | Villager (Male) |
| 4:08 | Create | Villager (Male) |
| 4:08 | Create | Villager (Male) |
| 4:12 | Build | Mining Camp |
| 4:46 | Create | Villager (Male) |
| 4:47 | Create | Villager (Male) |
| 4:47 | Create | Villager (Male) |
| 6:36 | Research | Feudal Age |
| 6:48 | Build | Farm |
| 6:52 | Build | Farm |
| 6:56 | Build | Farm |
| 7:43 | Build | Farm |
| 8:48 | Create | Villager (Male) |
| 8:48 | Create | Villager (Male) |
| 8:52 | Age | Feudal Age |
| 8:54 | Build | Market |
| 8:57 | Build | Blacksmith |
| 9:15 | Research | Double-Bit Axe |
| 9:18 | Create | Villager (Male) |
| 9:57 | Research | Castle Age |
| 10:07 | Build | House |
| 10:27 | Build | Palisade Gate |
| 10:36 | Build | Palisade Gate |
| 11:07 | Build | Palisade Gate |
| 11:22 | Build | House |
| 11:25 | Build | House |
| 11:27 | Create | Villager (Male) |
| 12:34 | Build | House |
| 12:37 | Build | House |
| 12:47 | Age | Castle Age |
| 12:48 | Create | Hussite Wagon |
| 12:49 | Create | Hussite Wagon |
| 12:58 | Build | Palisade Gate |
| 13:03 | Research | Bow Saw |
| 13:05 | Create | Villager (Male) |
| 13:09 | Research | Horse Collar |
| 13:35 | Build | Palisade Wall |
| 13:36 | Build | Palisade Wall |
| 13:46 | Build | Town Center |
| 13:52 | Create | Villager (Male) |
| 13:52 | Create | Villager (Male) |
| 13:59 | Build | Lumber Camp |
| 14:03 | Create | Villager (Male) |
| 14:04 | Create | Hussite Wagon |
| 14:09 | Create | Petard |
| 14:09 | Create | Petard |
| 14:16 | Build | House |
| 14:18 | Build | House |
| 14:20 | Build | House |
| 14:25 | Build | Palisade Wall |
| 14:27 | Build | Palisade Wall |
| 15:09 | Create | Villager (Male) |
| 15:10 | Create | Villager (Male) |
| 15:10 | Create | Villager (Male) |
| 15:25 | Create | Hussite Wagon |
| 15:30 | Build | Siege Workshop |
| 15:32 | Create | Villager (Male) |
| 15:33 | Create | Villager (Male) |
| 15:36 | Create | Villager (Male) |
| 15:56 | Research | Loom |
| 15:58 | Create | Mangonel |
| 16:02 | Build | House |
| 16:09 | Build | House |
| 16:12 | Create | Villager (Male) |
| 16:13 | Create | Villager (Male) |
| 16:30 | Build | House |
| 16:33 | Build | House |
| 16:35 | Build | House |
| 17:01 | Create | Mangonel |
| 17:18 | Create | Hussite Wagon |
| 17:18 | Create | Hussite Wagon |
| 18:08 | Create | Mangonel |
| 18:31 | Build | Farm |
| 18:37 | Build | Farm |
| 18:38 | Create | Villager (Male) |
| 19:10 | Create | Villager (Male) |
| 19:10 | Create | Villager (Male) |
Build order — Tenziki
First 150 of 208 actions detected
| 0:01 | Create | Villager (Male) |
| 0:01 | Create | Villager (Male) |
| 0:09 | Create | Villager (Male) |
| 0:09 | Create | Villager (Male) |
| 0:14 | Build | Lumber Camp |
| 0:49 | Create | Villager (Male) |
| 1:04 | Create | Villager (Male) |
| 1:12 | Create | Villager (Male) |
| 1:25 | Build | Mill |
| 1:28 | Create | Villager (Male) |
| 1:28 | Create | Villager (Male) |
| 2:06 | Create | Villager (Male) |
| 2:15 | Create | Villager (Male) |
| 2:17 | Create | Villager (Male) |
| 2:34 | Build | Farm |
| 2:43 | Create | Villager (Male) |
| 2:43 | Create | Villager (Male) |
| 3:04 | Create | Villager (Male) |
| 3:05 | Create | Villager (Male) |
| 3:19 | Create | Villager (Male) |
| 3:30 | Create | Villager (Male) |
| 3:31 | Create | Villager (Male) |
| 3:41 | Create | Villager (Male) |
| 3:46 | Create | Villager (Male) |
| 4:00 | Build | Mining Camp |
| 4:01 | Create | Villager (Male) |
| 4:02 | Create | Villager (Male) |
| 4:09 | Create | Villager (Male) |
| 4:21 | Research | Feudal Age |
| 4:21 | Research | Feudal Age |
| 5:15 | Create | Villager (Male) |
| 5:16 | Create | Villager (Male) |
| 6:46 | Age | Feudal Age |
| 6:53 | Build | Market |
| 6:59 | Build | Blacksmith |
| 7:39 | Research | Castle Age |
| 7:57 | Research | Double-Bit Axe |
| 8:38 | Build | Lumber Camp |
| 8:58 | Research | Horse Collar |
| 10:10 | Create | Villager (Male) |
| 10:11 | Create | Villager (Male) |
| 10:19 | Age | Castle Age |
| 10:27 | Build | Town Center |
| 10:33 | Create | Villager (Male) |
| 10:42 | Build | Town Center |
| 10:45 | Create | Villager (Male) |
| 10:57 | Research | Bow Saw |
| 11:07 | Build | Farm |
| 11:14 | Build | Farm |
| 11:24 | Create | Villager (Male) |
| 11:38 | Build | Farm |
| 11:39 | Create | Villager (Male) |
| 11:52 | Build | Farm |
| 11:54 | Create | Villager (Male) |
| 12:00 | Create | Villager (Male) |
| 12:00 | Create | Villager (Male) |
| 12:02 | Build | Farm |
| 12:04 | Build | Farm |
| 12:10 | Build | Farm |
| 12:15 | Create | Villager (Male) |
| 12:27 | Build | Farm |
| 12:28 | Build | Farm |
| 12:29 | Create | Villager (Male) |
| 12:34 | Build | Farm |
| 12:36 | Build | Farm |
| 12:40 | Create | Villager (Male) |
| 12:51 | Build | Farm |
| 12:57 | Create | Villager (Male) |
| 12:57 | Create | Villager (Male) |
| 13:03 | Create | Villager (Male) |
| 13:03 | Create | Villager (Male) |
| 13:03 | Create | Villager (Male) |
| 13:08 | Build | Farm |
| 13:17 | Build | Farm |
| 13:19 | Create | Villager (Male) |
| 13:25 | Build | Farm |
| 13:26 | Create | Villager (Male) |
| 13:33 | Build | Farm |
| 13:35 | Create | Villager (Male) |
| 13:48 | Create | Villager (Male) |
| 13:50 | Create | Villager (Male) |
| 13:56 | Build | Farm |
| 14:07 | Build | Farm |
| 14:11 | Create | Villager (Male) |
| 14:12 | Create | Villager (Male) |
| 14:16 | Create | Villager (Male) |
| 14:29 | Create | Villager (Male) |
| 14:38 | Build | Farm |
| 14:42 | Build | Farm |
| 14:46 | Create | Villager (Male) |
| 14:53 | Create | Villager (Male) |
| 14:58 | Create | Villager (Male) |
| 15:04 | Create | Villager (Male) |
| 15:04 | Create | Villager (Male) |
| 15:07 | Build | Farm |
| 15:13 | Create | Villager (Male) |
| 15:22 | Create | Villager (Male) |
| 15:22 | Create | Villager (Male) |
| 15:27 | Build | Farm |
| 15:34 | Build | Farm |
| 15:35 | Create | Villager (Male) |
| 15:36 | Create | Villager (Male) |
| 15:36 | Create | Villager (Male) |
| 15:45 | Create | Villager (Male) |
| 15:45 | Create | Villager (Male) |
| 15:54 | Build | Farm |
| 15:56 | Create | Villager (Male) |
| 15:56 | Create | Villager (Male) |
| 16:02 | Create | Villager (Male) |
| 16:02 | Create | Villager (Male) |
| 16:06 | Build | Farm |
| 16:12 | Build | House |
| 16:14 | Create | Villager (Male) |
| 16:18 | Build | House |
| 16:19 | Build | House |
| 16:26 | Research | Wheelbarrow |
| 16:30 | Build | House |
| 16:33 | Create | Villager (Male) |
| 16:33 | Create | Villager (Male) |
| 16:54 | Create | Villager (Male) |
| 16:55 | Create | Villager (Male) |
| 17:05 | Build | Town Center |
| 17:08 | Create | Villager (Male) |
| 17:08 | Create | Villager (Male) |
| 17:08 | Create | Villager (Male) |
| 17:24 | Create | Villager (Male) |
| 17:24 | Create | Villager (Male) |
| 17:25 | Create | Villager (Male) |
| 17:27 | Build | House |
| 17:29 | Create | Villager (Male) |
| 17:29 | Create | Villager (Male) |
| 17:43 | Create | Villager (Male) |
| 17:48 | Build | Farm |
| 17:48 | Build | Farm |
| 17:49 | Build | Farm |
| 17:49 | Build | Farm |
| 17:49 | Build | Farm |
| 17:49 | Build | Farm |
| 18:13 | Build | Town Center |
| 18:16 | Build | House |
| 18:17 | Build | House |
| 18:18 | Build | House |
| 18:19 | Build | House |
| 18:20 | Create | Villager (Male) |
| 18:20 | Create | Villager (Male) |
| 18:20 | Create | Villager (Male) |
| 18:21 | Create | Villager (Male) |
| 18:25 | Create | Villager (Male) |
| 18:25 | Create | Villager (Male) |
| 18:25 | Create | Villager (Male) |
Build order — TastyChips
147 actions detected in the replay
| 0:02 | Create | Villager (Male) ×4 |
| 0:06 | Build | Lumber Camp |
| 1:36 | Create | Villager (Male) |
| 1:36 | Create | Villager (Male) |
| 1:36 | Create | Villager (Male) |
| 2:38 | Build | Mill |
| 2:45 | Create | Villager (Male) |
| 2:45 | Create | Villager (Male) |
| 2:46 | Create | Villager (Male) |
| 2:46 | Create | Villager (Male) |
| 2:46 | Create | Villager (Male) |
| 2:46 | Create | Villager (Male) |
| 3:55 | Build | Farm |
| 3:56 | Build | Farm |
| 3:58 | Build | Farm |
| 3:58 | Build | Farm |
| 3:59 | Build | Farm |
| 4:23 | Build | Farm |
| 4:35 | Create | Villager (Male) |
| 4:35 | Create | Villager (Male) |
| 5:19 | Create | Villager (Male) |
| 5:36 | Research | Feudal Age |
| 6:07 | Build | Mining Camp |
| 8:15 | Age | Feudal Age |
| 8:22 | Build | Market |
| 8:24 | Build | Blacksmith |
| 8:26 | Create | Villager (Male) |
| 8:27 | Create | Villager (Male) |
| 9:18 | Research | Castle Age |
| 9:26 | Research | Double-Bit Axe |
| 9:27 | Research | Double-Bit Axe |
| 9:53 | Research | Horse Collar |
| 10:30 | Build | Lumber Camp |
| 10:59 | Create | Villager (Male) |
| 11:00 | Create | Villager (Male) |
| 11:58 | Age | Castle Age |
| 12:00 | Build | Town Center |
| 12:04 | Build | Town Center |
| 12:16 | Research | Bow Saw |
| 12:18 | Research | Heavy Plow |
| 12:28 | Create | Villager (Male) |
| 13:02 | Create | Villager (Male) |
| 13:02 | Create | Villager (Male) |
| 13:37 | Create | Longbowman |
| 13:38 | Create | Longbowman |
| 13:44 | Create | Villager (Male) |
| 13:44 | Create | Villager (Male) |
| 13:57 | Research | Wheelbarrow |
| 14:05 | Create | Villager (Male) |
| 14:05 | Create | Villager (Male) |
| 14:12 | Build | Farm |
| 14:13 | Build | Farm |
| 14:14 | Build | Farm |
| 14:19 | Build | Farm |
| 14:23 | Create | Villager (Male) |
| 14:36 | Build | House |
| 14:37 | Build | House |
| 14:47 | Create | Villager (Male) |
| 14:48 | Create | Villager (Male) |
| 14:49 | Create | Villager (Male) |
| 15:04 | Create | Villager (Male) |
| 15:04 | Create | Villager (Male) |
| 15:28 | Build | Farm |
| 15:33 | Create | Villager (Male) |
| 15:35 | Create | Villager (Male) |
| 15:35 | Create | Villager (Male) |
| 15:37 | Build | Farm |
| 15:39 | Build | Farm |
| 15:40 | Build | Farm |
| 15:55 | Build | House |
| 15:57 | Build | House |
| 16:03 | Build | Farm |
| 16:05 | Create | Villager (Male) |
| 16:05 | Create | Villager (Male) |
| 16:07 | Create | Villager (Male) |
| 16:07 | Create | Villager (Male) |
| 16:13 | Build | Farm |
| 16:17 | Build | Farm |
| 16:18 | Build | Farm |
| 16:20 | Build | Farm |
| 16:21 | Build | Farm |
| 16:35 | Create | Villager (Male) |
| 16:35 | Create | Villager (Male) |
| 16:36 | Research | Loom |
| 16:38 | Create | Villager (Male) |
| 16:39 | Create | Villager (Male) |
| 16:56 | Build | Farm |
| 17:06 | Create | Villager (Male) |
| 17:06 | Create | Villager (Male) |
| 17:06 | Create | Villager (Male) |
| 17:09 | Create | Villager (Male) |
| 17:09 | Create | Villager (Male) |
| 17:22 | Build | University |
| 17:39 | Create | Villager (Male) |
| 17:39 | Create | Villager (Male) |
| 17:43 | Create | Villager (Male) |
| 17:43 | Create | Villager (Male) |
| 17:47 | Build | Farm |
| 17:49 | Build | Farm |
| 17:49 | Build | Farm |
| 18:04 | Create | Villager (Male) |
| 18:33 | Build | Town Center |
| 18:40 | Research | Hand Cart |
| 18:42 | Create | Villager (Male) |
| 18:42 | Create | Villager (Male) |
| 18:42 | Create | Villager (Male) |
| 18:52 | Build | Farm |
| 19:13 | Build | Stone Wall |
| 19:14 | Build | Stone Wall |
| 19:15 | Build | Stone Wall |
| 19:18 | Build | Stone Wall |
| 19:26 | Create | Villager (Male) |
| 19:26 | Create | Villager (Male) |
| 19:35 | Create | Villager (Male) |
| 19:35 | Create | Villager (Male) |
| 19:35 | Create | Villager (Male) |
| 19:39 | Create | Villager (Male) |
| 19:39 | Create | Villager (Male) |
| 19:40 | Create | Villager (Male) |
| 19:55 | Build | Farm |
| 19:59 | Build | Farm |
| 20:00 | Build | Farm |
| 20:01 | Build | Farm |
| 20:02 | Build | Farm |
| 20:09 | Build | Farm |
| 20:12 | Build | Farm |
| 20:16 | Research | Gold Mining |
| 20:21 | Research | Stone Mining |
| 20:23 | Create | Villager (Male) |
| 20:23 | Create | Villager (Male) |
| 20:23 | Create | Villager (Male) |
| 20:30 | Create | Villager (Male) |
| 20:30 | Create | Villager (Male) |
| 20:40 | Build | House |
| 20:41 | Build | House |
| 20:42 | Build | House |
| 20:43 | Build | House |
| 20:45 | Build | House |
| 20:47 | Build | House |
| 20:48 | Build | House |
| 20:49 | Build | House |
| 20:55 | Build | House |
| 20:57 | Build | House |
| 21:23 | Create | Villager (Male) |
| 21:24 | Create | Villager (Male) |
| 21:27 | Create | Villager (Male) |
| 21:27 | Create | Villager (Male) |
Build order — Rigox4
104 actions detected in the replay
| 0:06 | Create | Villager (Male) |
| 0:07 | Create | Villager (Male) |
| 0:07 | Create | Villager (Male) |
| 0:07 | Create | Villager (Male) |
| 0:27 | Build | Lumber Camp |
| 1:12 | Create | Villager (Male) |
| 1:12 | Create | Villager (Male) |
| 1:48 | Create | Villager (Male) |
| 2:49 | Create | Villager (Male) |
| 2:49 | Create | Villager (Male) |
| 3:17 | Create | Villager (Male) |
| 3:17 | Create | Villager (Male) |
| 3:18 | Create | Villager (Male) |
| 3:19 | Create | Villager (Male) |
| 3:23 | Create | Villager (Male) |
| 4:13 | Create | Villager (Male) |
| 4:13 | Create | Villager (Male) |
| 4:13 | Create | Villager (Male) |
| 4:13 | Create | Villager (Male) |
| 5:05 | Build | Mill |
| 5:48 | Build | Farm |
| 5:48 | Build | Farm |
| 5:48 | Build | Farm |
| 5:49 | Build | Farm |
| 5:49 | Build | Farm |
| 5:49 | Build | Farm |
| 5:50 | Build | Farm |
| 5:50 | Build | Farm |
| 5:58 | Create | Villager (Male) |
| 5:58 | Create | Villager (Male) |
| 6:38 | Create | Villager (Male) |
| 6:38 | Create | Villager (Male) |
| 7:24 | Create | Villager (Male) |
| 7:24 | Create | Villager (Male) |
| 7:41 | Build | Mining Camp |
| 7:53 | Research | Feudal Age |
| 8:26 | Build | Mining Camp |
| 9:41 | Build | Barracks |
| 9:48 | Build | House |
| 11:15 | Build | Market |
| 11:21 | Build | Blacksmith |
| 11:24 | Create | Villager (Male) |
| 11:24 | Create | Villager (Male) |
| 11:35 | Research | Double-Bit Axe |
| 11:40 | Research | Horse Collar |
| 12:18 | Build | Farm |
| 12:21 | Research | Castle Age |
| 12:38 | Build | Archery Range |
| 12:40 | Build | Archery Range |
| 12:58 | Build | Archery Range |
| 13:05 | Build | Farm |
| 13:07 | Create | Villager (Male) |
| 13:10 | Research | Wheelbarrow |
| 14:03 | Build | Farm |
| 14:04 | Build | Farm |
| 14:04 | Build | Farm |
| 14:04 | Build | Farm |
| 14:17 | Build | Farm |
| 14:21 | Build | Farm |
| 14:26 | Build | Farm |
| 15:36 | Build | House |
| 15:38 | Build | House |
| 15:40 | Build | House |
| 15:49 | Research | Fletching |
| 15:49 | Research | Padded Archer Armor |
| 16:09 | Create | Villager (Male) |
| 16:09 | Create | Villager (Male) |
| 16:09 | Create | Villager (Male) |
| 16:10 | Create | Villager (Male) |
| 16:29 | Build | Town Center |
| 16:56 | Create | Cavalry Archer |
| 16:57 | Create | Cavalry Archer |
| 16:58 | Create | Cavalry Archer |
| 16:58 | Create | Cavalry Archer |
| 16:58 | Create | Cavalry Archer |
| 17:37 | Build | Farm |
| 18:18 | Build | Farm |
| 18:19 | Build | Farm |
| 18:20 | Build | Farm |
| 18:26 | Create | Villager (Male) |
| 18:26 | Create | Villager (Male) |
| 18:38 | Create | Villager (Male) |
| 18:39 | Create | Villager (Male) |
| 18:46 | Create | Cavalry Archer ×4 |
| 18:46 | Create | Cavalry Archer ×4 |
| 19:35 | Create | Villager (Male) ×5 |
| 19:35 | Create | Villager (Male) ×5 |
| 19:36 | Create | Villager (Male) |
| 20:02 | Create | Cavalry Archer ×2 |
| 20:03 | Create | Cavalry Archer ×2 |
| 20:09 | Create | Villager (Male) |
| 20:09 | Create | Villager (Male) |
| 20:09 | Create | Villager (Male) |
| 20:10 | Create | Villager (Male) |
| 20:13 | Research | Loom |
| 20:27 | Create | Cavalry Archer |
| 20:29 | Create | Villager (Male) |
| 20:29 | Create | Villager (Male) |
| 20:29 | Create | Villager (Male) |
| 20:39 | Build | Lumber Camp |
| 20:59 | Create | Villager (Male) |
| 20:59 | Create | Villager (Male) |
| 20:59 | Create | Villager (Male) |
| 20:59 | Create | Villager (Male) |
Build order — 上善若水
First 150 of 162 actions detected
| 0:01 | Create | Villager (Male) |
| 0:01 | Create | Villager (Male) |
| 0:02 | Create | Villager (Male) |
| 0:07 | Build | Lumber Camp |
| 0:20 | Create | Villager (Male) |
| 0:20 | Create | Villager (Male) |
| 1:09 | Create | Villager (Male) |
| 1:36 | Create | Villager (Male) |
| 1:36 | Create | Villager (Male) |
| 1:53 | Create | Villager (Male) |
| 1:53 | Create | Villager (Male) |
| 2:04 | Build | Mill |
| 2:16 | Create | Villager (Male) |
| 2:16 | Create | Villager (Male) |
| 2:43 | Create | Villager (Male) |
| 2:44 | Create | Villager (Male) |
| 2:44 | Create | Villager (Male) |
| 3:20 | Create | Villager (Male) |
| 3:21 | Create | Villager (Male) |
| 3:21 | Create | Villager (Male) |
| 3:46 | Create | Villager (Male) |
| 4:03 | Build | Farm |
| 4:15 | Build | Farm |
| 4:24 | Create | Villager (Male) |
| 4:24 | Create | Villager (Male) |
| 4:24 | Create | Villager (Male) |
| 4:51 | Build | Mining Camp |
| 5:30 | Build | Farm |
| 5:32 | Build | Farm |
| 5:34 | Research | Feudal Age |
| 5:38 | Build | Farm |
| 5:54 | Build | Farm |
| 7:43 | Create | Villager (Male) |
| 7:43 | Create | Villager (Male) |
| 7:45 | Create | Villager (Male) |
| 8:01 | Age | Feudal Age |
| 8:11 | Build | Market |
| 8:14 | Build | Blacksmith |
| 9:05 | Research | Castle Age |
| 9:05 | Research | Castle Age |
| 9:07 | Research | Double-Bit Axe |
| 9:08 | Research | Double-Bit Axe |
| 10:27 | Research | Horse Collar |
| 10:31 | Research | Stone Mining |
| 10:46 | Research | Wheelbarrow |
| 10:46 | Research | Loom |
| 10:47 | Research | Town Watch |
| 11:56 | Age | Castle Age |
| 12:03 | Build | Town Center |
| 12:44 | Research | Bow Saw |
| 12:45 | Research | Bow Saw |
| 13:01 | Research | Heavy Plow |
| 13:05 | Create | Villager (Male) |
| 13:21 | Create | Villager (Male) |
| 13:21 | Create | Villager (Male) |
| 13:21 | Create | Villager (Male) |
| 13:22 | Create | Villager (Male) |
| 13:22 | Create | Villager (Male) |
| 13:22 | Create | Villager (Male) |
| 13:22 | Create | Villager (Male) |
| 13:23 | Create | Villager (Male) |
| 13:23 | Create | Villager (Male) |
| 13:23 | Create | Villager (Male) |
| 13:23 | Create | Villager (Male) |
| 13:24 | Create | Villager (Male) |
| 14:32 | Build | Town Center |
| 14:59 | Research | Hand Cart |
| 14:59 | Research | Hand Cart |
| 15:22 | Build | Lumber Camp |
| 15:50 | Create | Villager (Male) |
| 15:50 | Create | Villager (Male) |
| 16:00 | Create | Villager (Male) |
| 16:01 | Create | Villager (Male) |
| 16:01 | Create | Villager (Male) |
| 16:01 | Create | Villager (Male) |
| 16:02 | Create | Villager (Male) |
| 16:02 | Create | Villager (Male) |
| 16:02 | Create | Villager (Male) |
| 16:06 | Create | Villager (Male) |
| 16:07 | Create | Villager (Male) |
| 16:12 | Build | Farm |
| 16:22 | Build | Farm |
| 16:31 | Build | Farm |
| 16:41 | Create | Villager (Male) |
| 16:42 | Create | Villager (Male) |
| 16:42 | Create | Villager (Male) |
| 16:44 | Build | Farm |
| 16:53 | Create | Villager (Male) |
| 16:53 | Create | Villager (Male) |
| 17:06 | Build | Town Center |
| 17:16 | Build | Farm |
| 17:23 | Create | Villager (Male) |
| 17:23 | Create | Villager (Male) |
| 17:23 | Create | Villager (Male) |
| 17:23 | Create | Villager (Male) |
| 17:34 | Build | Farm |
| 17:38 | Create | Villager (Male) |
| 17:38 | Create | Villager (Male) |
| 17:48 | Create | Villager (Male) |
| 17:48 | Create | Villager (Male) |
| 17:52 | Build | Farm |
| 17:54 | Create | Villager (Male) |
| 17:54 | Create | Villager (Male) |
| 18:00 | Build | Farm |
| 18:01 | Build | Farm |
| 18:02 | Build | Farm |
| 18:04 | Build | Farm |
| 18:08 | Create | Villager (Male) |
| 18:09 | Create | Villager (Male) |
| 18:09 | Create | Villager (Male) |
| 18:11 | Build | Farm |
| 18:12 | Create | Villager (Male) |
| 18:28 | Create | Villager (Male) |
| 18:28 | Create | Villager (Male) |
| 18:28 | Create | Villager (Male) |
| 18:31 | Build | Farm |
| 18:33 | Build | Farm |
| 18:34 | Create | Villager (Male) |
| 18:36 | Build | Farm |
| 18:41 | Create | Villager (Male) |
| 18:41 | Create | Villager (Male) |
| 18:41 | Create | Villager (Male) |
| 18:47 | Build | Farm |
| 18:51 | Build | Farm |
| 18:55 | Build | Farm |
| 18:56 | Build | Farm |
| 18:59 | Create | Villager (Male) |
| 18:59 | Create | Villager (Male) |
| 19:00 | Create | Villager (Male) |
| 19:02 | Build | Farm |
| 19:04 | Build | Farm |
| 19:07 | Create | Villager (Male) |
| 19:07 | Create | Villager (Male) |
| 19:09 | Create | Villager (Male) |
| 19:09 | Create | Villager (Male) |
| 19:13 | Build | House |
| 19:15 | Build | House |
| 19:16 | Build | House |
| 19:21 | Build | Farm |
| 19:23 | Build | Farm |
| 19:27 | Create | Villager (Male) |
| 19:28 | Create | Villager (Male) |
| 19:28 | Create | Villager (Male) |
| 19:28 | Create | Villager (Male) |
| 19:32 | Build | House |
| 19:37 | Build | Farm |
| 19:44 | Build | Town Center |
| 19:52 | Build | Farm |
| 19:54 | Build | Farm |
| 20:27 | Create | Villager (Male) |
Build order — Monsoon Neutralizer
130 actions detected in the replay
| 0:01 | Create | Villager (Male) |
| 0:01 | Create | Villager (Male) |
| 0:01 | Create | Villager (Male) |
| 0:02 | Create | Villager (Male) |
| 0:07 | Build | Mill |
| 0:22 | Build | Lumber Camp |
| 1:03 | Create | Villager (Male) |
| 1:03 | Create | Villager (Male) |
| 1:03 | Create | Villager (Male) |
| 1:22 | Create | Villager (Male) |
| 1:23 | Create | Villager (Male) |
| 2:04 | Create | Villager (Male) |
| 2:04 | Create | Villager (Male) |
| 2:29 | Create | Villager (Male) |
| 2:29 | Create | Villager (Male) |
| 3:23 | Create | Villager (Male) |
| 3:23 | Create | Villager (Male) |
| 4:12 | Create | Villager (Male) |
| 4:27 | Create | Villager (Male) |
| 4:28 | Create | Villager (Male) |
| 4:35 | Create | Villager (Male) |
| 4:35 | Create | Villager (Male) |
| 4:46 | Build | Mining Camp |
| 4:47 | Create | Villager (Male) |
| 4:59 | Create | Villager (Male) |
| 4:59 | Create | Villager (Male) |
| 5:03 | Build | Farm |
| 5:28 | Create | Villager (Male) |
| 5:35 | Create | Villager (Male) |
| 5:53 | Create | Villager (Male) |
| 6:09 | Create | Villager (Male) |
| 6:10 | Create | Villager (Male) |
| 6:15 | Create | Villager (Male) |
| 6:20 | Build | Farm |
| 6:20 | Create | Villager (Male) |
| 6:23 | Build | Lumber Camp |
| 6:34 | Research | Feudal Age |
| 6:35 | Research | Feudal Age |
| 6:43 | Build | Farm |
| 8:22 | Create | Villager (Male) |
| 8:22 | Create | Villager (Male) |
| 8:33 | Build | House |
| 8:51 | Age | Feudal Age |
| 8:53 | Create | Villager (Male) |
| 8:55 | Research | Horse Collar |
| 9:04 | Create | Villager (Male) |
| 9:04 | Create | Villager (Male) |
| 9:17 | Build | Market |
| 9:24 | Create | Villager (Male) |
| 9:31 | Research | Loom |
| 9:31 | Research | Loom |
| 9:37 | Build | Blacksmith |
| 9:48 | Research | Gold Mining |
| 9:50 | Research | Double-Bit Axe |
| 9:52 | Create | Villager (Male) |
| 9:53 | Create | Villager (Male) |
| 10:17 | Research | Castle Age |
| 10:17 | Research | Castle Age |
| 10:18 | Research | Castle Age |
| 11:24 | Create | Villager (Male) |
| 11:51 | Build | Outpost |
| 11:55 | Build | Outpost |
| 11:58 | Build | Outpost |
| 12:36 | Build | House |
| 12:57 | Age | Castle Age |
| 12:58 | Build | Outpost |
| 13:01 | Research | Town Watch |
| 13:15 | Build | Siege Workshop |
| 13:23 | Build | Siege Workshop |
| 13:32 | Create | Villager (Male) |
| 13:33 | Create | Villager (Male) |
| 13:37 | Create | Woad Raider |
| 13:37 | Create | Woad Raider |
| 13:37 | Create | Woad Raider |
| 13:41 | Create | Petard |
| 13:41 | Create | Petard |
| 13:56 | Build | House |
| 13:59 | Create | Villager (Male) |
| 14:07 | Create | Battering Ram |
| 14:16 | Build | Farm |
| 14:21 | Create | Villager (Male) |
| 14:29 | Create | Battering Ram |
| 14:29 | Create | Battering Ram |
| 14:31 | Create | Battering Ram |
| 14:49 | Build | House |
| 14:50 | Build | House |
| 14:57 | Create | Mangonel |
| 15:09 | Create | Villager (Male) |
| 15:18 | Create | Battering Ram |
| 15:18 | Create | Battering Ram |
| 15:39 | Create | Battering Ram |
| 16:33 | Create | Villager (Male) |
| 16:33 | Create | Villager (Male) |
| 16:33 | Create | Villager (Male) |
| 17:24 | Create | Villager (Male) |
| 17:24 | Create | Villager (Male) |
| 17:25 | Create | Villager (Male) |
| 17:28 | Create | Battering Ram |
| 17:29 | Create | Battering Ram |
| 18:09 | Create | Mangonel |
| 18:10 | Create | Mangonel |
| 18:12 | Create | Villager (Male) |
| 18:12 | Create | Villager (Male) |
| 18:39 | Create | Villager (Male) |
| 18:40 | Create | Villager (Male) |
| 18:48 | Create | Battering Ram |
| 18:50 | Create | Battering Ram |
| 18:50 | Create | Battering Ram |
| 19:23 | Create | Villager (Male) |
| 19:23 | Create | Villager (Male) |
| 19:25 | Create | Battering Ram |
| 19:30 | Create | Battering Ram |
| 19:31 | Create | Battering Ram |
| 19:44 | Create | Villager (Male) |
| 20:04 | Create | Villager (Male) |
| 20:10 | Build | Town Center |
| 20:16 | Build | Lumber Camp |
| 20:20 | Create | Villager (Male) |
| 20:20 | Create | Villager (Male) |
| 20:42 | Build | House |
| 21:13 | Create | Villager (Male) |
| 21:13 | Create | Villager (Male) |
| 21:14 | Create | Villager (Male) |
| 21:14 | Create | Villager (Male) |
| 21:16 | Build | Farm |
| 21:17 | Build | Farm |
| 21:18 | Build | Farm |
| 21:18 | Build | Farm |
| 21:22 | Create | Villager (Male) |
| 21:22 | Create | Villager (Male) |
Build order — WantedDead
142 actions detected in the replay
| 0:07 | Build | Lumber Camp |
| 0:08 | Create | Villager (Male) |
| 0:08 | Create | Villager (Male) |
| 0:08 | Create | Villager (Male) |
| 0:15 | Build | Mill |
| 0:22 | Create | Villager (Male) |
| 1:14 | Create | Villager (Male) |
| 1:14 | Create | Villager (Male) |
| 1:48 | Create | Villager (Male) |
| 2:26 | Create | Villager (Male) |
| 2:26 | Create | Villager (Male) |
| 3:34 | Create | Villager (Male) |
| 3:59 | Create | Villager (Male) |
| 4:21 | Create | Villager (Male) |
| 4:50 | Build | Mining Camp |
| 5:03 | Research | Feudal Age |
| 5:03 | Research | Feudal Age |
| 5:07 | Build | Farm |
| 5:14 | Build | Farm |
| 5:17 | Build | Farm |
| 5:23 | Build | Farm |
| 5:53 | Create | Villager (Male) |
| 5:53 | Create | Villager (Male) |
| 7:18 | Age | Feudal Age |
| 7:20 | Build | Market |
| 7:22 | Build | Blacksmith |
| 7:39 | Create | Villager (Male) |
| 8:08 | Create | Villager (Male) |
| 8:30 | Research | Castle Age |
| 8:54 | Research | Double-Bit Axe |
| 8:55 | Research | Double-Bit Axe |
| 9:13 | Research | Horse Collar |
| 9:14 | Research | Horse Collar |
| 9:26 | Create | Villager (Male) |
| 10:04 | Create | Villager (Male) |
| 10:49 | Create | Villager (Male) |
| 11:13 | Age | Castle Age |
| 11:15 | Build | Town Center |
| 11:19 | Build | Town Center |
| 11:33 | Research | Bow Saw |
| 11:33 | Research | Bow Saw |
| 11:58 | Research | Heavy Plow |
| 11:58 | Research | Heavy Plow |
| 12:08 | Create | Villager (Male) |
| 12:32 | Build | Farm |
| 12:32 | Build | Farm |
| 12:40 | Create | Villager (Male) |
| 12:40 | Create | Villager (Male) |
| 12:44 | Create | Villager (Male) |
| 13:03 | Build | Farm |
| 13:13 | Create | Villager (Male) |
| 13:20 | Build | Monastery |
| 13:27 | Create | Villager (Male) ×4 |
| 13:27 | Create | Villager (Male) ×4 |
| 13:33 | Build | Farm |
| 13:43 | Create | Villager (Male) |
| 13:43 | Create | Villager (Male) |
| 13:49 | Build | Farm |
| 13:52 | Build | Farm |
| 13:55 | Create | Villager (Male) ×2 |
| 13:57 | Create | Monk |
| 14:17 | Build | Farm |
| 14:20 | Build | Farm |
| 14:23 | Create | Villager (Male) ×3 |
| 14:23 | Create | Villager (Male) ×3 |
| 14:26 | Build | Farm |
| 14:33 | Build | Farm |
| 14:39 | Build | Farm |
| 14:42 | Build | Farm |
| 14:43 | Build | Farm |
| 14:45 | Create | Villager (Male) |
| 14:45 | Create | Villager (Male) |
| 15:00 | Create | Villager (Male) ×2 |
| 15:00 | Create | Villager (Male) ×2 |
| 15:03 | Build | Farm |
| 15:05 | Build | Farm |
| 15:07 | Build | Farm |
| 15:12 | Build | House |
| 15:13 | Build | House |
| 15:18 | Build | House |
| 15:22 | Create | Villager (Male) ×3 |
| 15:22 | Create | Villager (Male) ×3 |
| 15:28 | Build | Farm |
| 15:35 | Build | Farm |
| 15:35 | Build | Farm |
| 15:38 | Create | Villager (Male) ×3 |
| 15:42 | Build | Farm |
| 15:53 | Build | Farm |
| 15:53 | Build | Farm |
| 15:55 | Create | Villager (Male) ×2 |
| 15:58 | Build | Farm |
| 16:06 | Research | Wheelbarrow |
| 16:07 | Research | Wheelbarrow |
| 16:14 | Build | Farm |
| 16:18 | Create | Villager (Male) |
| 16:18 | Create | Villager (Male) |
| 16:23 | Build | House |
| 16:24 | Build | House |
| 16:32 | Build | Farm |
| 16:39 | Create | Villager (Male) ×5 |
| 16:42 | Build | Farm |
| 16:52 | Build | Farm |
| 17:08 | Create | Villager (Male) |
| 17:12 | Build | Farm |
| 17:15 | Build | Farm |
| 17:21 | Build | Farm |
| 17:27 | Build | Lumber Camp |
| 17:45 | Build | Farm |
| 18:01 | Create | Villager (Male) ×5 |
| 18:01 | Create | Villager (Male) ×5 |
| 18:07 | Build | Farm |
| 18:12 | Research | Hand Cart |
| 18:12 | Research | Hand Cart |
| 18:31 | Research | Gold Mining |
| 18:32 | Research | Gold Mining |
| 18:42 | Build | Barracks |
| 18:45 | Create | Villager (Male) ×5 |
| 18:47 | Build | Farm |
| 19:13 | Create | Villager (Male) ×5 |
| 19:19 | Build | Town Center |
| 19:52 | Create | Villager (Male) ×5 |
| 19:56 | Build | Farm |
| 20:04 | Research | Scale Barding Armor |
| 20:04 | Research | Scale Barding Armor |
| 20:11 | Build | Stable |
| 20:13 | Build | Stable |
| 20:14 | Build | Stable |
| 20:29 | Create | Villager (Male) |
| 20:29 | Create | Villager (Male) |
| 20:29 | Create | Villager (Male) |
| 20:31 | Research | Forging |
| 20:31 | Research | Forging |
| 20:38 | Create | Villager (Male) |
| 20:39 | Create | Villager (Male) |
| 20:44 | Build | Stable |
| 20:49 | Build | Farm |
| 20:50 | Research | Bloodlines |
| 20:51 | Research | Bloodlines |
| 20:52 | Research | Chain Barding Armor |
| 20:53 | Research | Chain Barding Armor |
| 20:56 | Build | Farm |
| 20:57 | Build | Farm |
Match timeline
| 6:46 | Tenziki · age_up feudal |
| 7:18 | WantedDead · age_up feudal |
| 8:01 | 上善若水 · age_up feudal |
| 8:03 | Mceffe · age_up feudal |
| 8:10 | WantedDead · first_market_sell 100 wood |
| 8:13 | WantedDead · first_market_buy 100 food |
| 8:15 | TastyChips · age_up feudal |
| 8:51 | Monsoon Neutralizer · age_up feudal |
| 8:52 | my60703 · age_up feudal |
| 9:41 | Rigox4 · first_building Barracks |
| 10:19 | Tenziki · age_up castle |
| 11:13 | WantedDead · age_up castle |
| 11:56 | 上善若水 · age_up castle |
| 11:58 | TastyChips · age_up castle |
| 11:58 | Mceffe · age_up castle |
| 12:38 | Rigox4 · first_building Archery Range |
| 12:44 | 上善若水 · first_market_buy 100 wood |
| 12:47 | my60703 · age_up castle |
| 12:51 | Rigox4 · first_market_buy 100 wood |
| 12:53 | Rigox4 · first_market_sell 100 food |
| 12:57 | Monsoon Neutralizer · age_up castle |
| 13:02 | Tenziki · first_market_buy 100 food |
| 13:15 | Monsoon Neutralizer · first_building Siege Workshop |
| 13:20 | WantedDead · first_building Monastery |
| 13:35 | my60703 · wall_segment Palisade Wall x1 |
| 13:36 | my60703 · wall_segment Palisade Wall x1 |
| 13:52 | Mceffe · first_market_buy 100 food |
| 14:24 | Mceffe · tribute_sent a jugador 2 |
| 14:24 | Mceffe · tribute_sent a jugador 3 |
| 14:24 | Mceffe · tribute_sent a jugador 4 |
| 14:24 | Mceffe · tribute_sent a jugador 5 |
| 14:24 | Mceffe · tribute_sent a jugador 6 |
| 14:24 | Mceffe · tribute_sent a jugador 7 |
| 14:24 | Mceffe · tribute_sent a jugador 8 |
| 14:25 | my60703 · wall_segment Palisade Wall x1 |
| 14:27 | my60703 · wall_segment Palisade Wall x1 |
| 15:30 | my60703 · first_building Siege Workshop |
| 15:42 | Tenziki · first_market_sell 100 wood |
| 15:50 | Monsoon Neutralizer · first_market_buy 100 wood |
| 18:25 | TastyChips · first_market_sell 100 wood |
| 18:25 | TastyChips · first_market_buy 100 stone |
| 18:42 | WantedDead · first_building Barracks |
| 19:13 | TastyChips · wall_segment Stone Wall x3 |
| 19:14 | TastyChips · wall_segment Stone Wall x1 |
| 19:15 | TastyChips · wall_segment Stone Wall x1 |
| 19:18 | TastyChips · wall_segment Stone Wall x9 |
| 19:35 | Mceffe · first_building Monastery |
| 19:55 | my60703 · resign |
| 20:11 | WantedDead · first_building Stable |
| 20:37 | Tenziki · first_building Siege Workshop |
| 20:39 | Tenziki · first_building Barracks |
[ AI ANALYSIS · 1 CREDIT ]
What really happened in this match?
Wolo.gg analyzes every decision: build order, eco, micro, common mistakes by bracket. Personalized analysis on WhatsApp or Discord in 30 seconds.
Civ guide
Spanish
Map guide
Fortress
Perfil
Jugador #944821